 Dungeon Crawl Stone Soup version 0.31.0-11-ge490571c62 (webtiles) character file.

Game seed: 1811172788632958557

8 browni3141 the Conjurer (level 2, 19/19 HPs)
             Began as a Demonspawn Conjurer on Jan 30, 2024.
             Got out of the dungeon alive.
             The game lasted 00:00:10 (323 turns).

browni3141 the Conjurer (Demonspawn Conjurer)        Turns: 323, Time: 00:00:11

Health: 19/19      AC:  2    Str:  7    XL:     2   Next: 0%
Magic:  2/5        EV: 12    Int: 18    God:
Gold:   13         SH:  0    Dex: 11    Spells: 4/5 levels left

rFire   . . .        (no weapon)
rCold   . . .        (no shield)
rNeg    . . .        a - +0 robe
rPois   .            (no helmet)
rElec   .            (no cloak)
rCorr   .            (no gloves)
SInv    .            (no boots)
Will    .....        (no amulet)
Stlth   ++           (no ring)
HPRegen 0.23/turn    (no ring)
MPRegen 0.09/turn

%: no passive effects
@: no status effects
A: demonic magic 1
a: no special abilities


You escaped.
You visited 1 branch of the dungeon, and saw 1 of its levels.

You collected 13 gold pieces.

Inventory:

Armour
 a - a +0 robe (worn)
Scrolls
 d - 4 scrolls of teleportation {unknown}
Potions
 b - a potion of magic
 c - a potion of cancellation {unknown}
 e - a potion of resistance {unknown}


   Skills:
 + Level 2.0 Dodging
 + Level 2.0 Stealth
 + Level 2.1 Spellcasting
 + Level 4.1 Conjurations


You had 4 spell levels left.
You knew the following spells:

 Your Spells              Type           Power      Damage    Failure   Level
a - Magic Dart            Conj           64%        1d6       3%          1

Your spell library contained the following spells:

 Spells                   Type           Power      Damage    Failure   Level
 Searing Ray              Conj           32%        2d5       4%          2
 Fulminant Prism          Conj/Alch      4%         3d5       58%         4
 Iskenderun's Mystic Bla  Conj/Tloc      9%         2d4       58%         4


Dungeon Overview and Level Annotations

Branches:
Dungeon (1/15)

Altars:


Innate Abilities, Weirdness & Mutations

Spells you cast may paralyse adjacent enemies.


Message History

Welcome, browni3141 the Demonspawn Conjurer.
A smirking vizier told you that the Orb of Zot is just within this dungeon.
Press ? for a list of commands and other information.
Found a metallic blue potion.
Found two stairs.
Setting a skill training target for Axes at 18.0.
Setting a skill training target for Invocations at 14.0.
Setting a skill training target for Throwing at 11.0.
c - a metallic blue potion You open the door.
There is an open door here.
d - a scroll labelled QOVUER LAENLA You now have 13 gold pieces.
d - 4 scrolls labelled QOVUER LAENLA (gained 3)
A dart slug comes into view.
The magic dart hits the dart slug.
The dart slug is lightly wounded.
The magic dart hits the dart slug but does no damage.
The dart slug is lightly wounded.
The magic dart hits the dart slug.
The dart slug is severely wounded.
You are out of magic!
You start resting.
A dart slug is nearby!
You hit the dart slug but do no damage.
The dart slug is severely wounded.
You hit the dart slug.
The dart slug is severely wounded.
The dart slug launches a dart at you. The slug dart hits you.
You are out of magic!
You hit the dart slug.
The dart slug is almost dead.
The dart slug launches a dart at you. The slug dart hits you.
You hit the dart slug.
The dart slug is almost dead.
You hit the dart slug.
You kill the dart slug!
Magic restored.
HP restored.
e - a bubbling clear potion An endoplasm comes into view.
An endoplasm is nearby!
The magic dart hits the endoplasm but does no damage.
The endoplasm quivers.
The magic dart hits the endoplasm.
The endoplasm is almost dead.
You miscast Magic Dart.
You are very lightly contaminated with residual magic.
Nothing appears to happen.
The endoplasm hits you.
You hit the endoplasm but do no damage.
The endoplasm is almost dead.
The endoplasm hits you.
You hit the endoplasm.
You kill the endoplasm!
Your magical contamination has completely faded away.
A bat comes into view.
A bat is nearby!
The magic dart hits the bat.
The bat is severely wounded.
The magic dart hits the bat.
You kill the bat!
You can't see any susceptible monsters within range! (Use Z to cast anyway.)
You see here a bat corpse.
You open the door.
There is an open door here.
You open the door.
There is an open door here.
A dart slug comes into view.
A dart slug is nearby!
The magic dart hits the dart slug.
The dart slug is moderately wounded.
The magic dart hits the dart slug.
The dart slug is severely wounded.
The magic dart hits the dart slug.
You kill the dart slug!
Your Dodging skill increases to level 2!
Your Stealth skill increases to level 2!
You have reached level 2!
Your demonic ancestry asserts itself...
A menacing aura infuses your magic.
There is an open door here.
There is a staircase leading out of the dungeon here.
You have escaped!

#.....##.# #..
#.....##.# #..
#.....##.# #..
......###.# #..
##########.###..
#..........
####.#########
#####>##.# #
#@....##.# #
#####.##.# ####
#'##.# #...
#....# #...
###### #... #...
#### #


There were no monsters in sight!

Vanquished Creatures
  2 dart slugs (D:1)
  A bat (D:1)
  An endoplasm (D:1)
4 creatures vanquished.

Notes
Turn   | Place    | Note
-------+----------+-------------------------------------------
     0 | D:1      | browni3141 the Demonspawn Conjurer began the quest for the
                  | Orb.
     0 | D:1      | Reached XP level 1. HP: 13/13 MP: 3/3
   295 | D:1      | Gained mutation: Spells you cast may paralyse adjacent
                  | enemies. [demonic ancestry]
   295 | D:1      | Reached XP level 2. HP: 19/19 MP: 0/5
   323 | D:$      | Got out of the dungeon alive.

Illustrated notes

Levels and vault maps discovered:
D:1:      amcnicky_arrival_choice, layout_basic, ebering_ecumenical_altar_webs

Skill      XL: |  1 |
---------------+----+-----
Dodging        | 2 |  2.0
Stealth        | 2 |  2.0
Spellcasting   | |  2.1
Conjurations   | |  4.1

Action                     || total
---------------------------++-------
  Melee: Unarmed           ||     7
   Cast: Magic Dart        ||    10
 Armour: Robe              ||     4
